Map: Port Aleksander LE

Players

Norox

  • Race: Zerg Zerg
  • League: Platinum
  • Spawn Location: 11:00

Mesrob - Winner!

  • Race: Terran Terran
  • League: Gold
  • Spawn Location: 5:00

VOD

Have the link to the VOD?

Description

Time

  • Played on: Jan. 13, 2019, 9:47 p.m.
  • Length: 15:19
Show
View Real Time Build Order
Export as new Build Order

Norox Zerg 

Build Orders: Hatch First, Brood Lord Corruptor 

Get SALT Encoding   

  12  0:12  Drone  
  12  0:13  Drone  
  14  0:19  Overlord  
  14  0:37  Drone x2  
  16  0:53  Hatchery  
  15  1:03  Drone x2  
  17  1:07  Drone  
  17  1:09  Extractor  
  17  1:17  Drone  
  18  1:26  Spawning Pool  
  18  1:28  Drone  
  18  1:38  Drone  
  19  1:52  Overlord  
  19  2:02  Drone  
  19  2:08  Drone  
  21  2:18  Zergling x4  
  21  2:21  Metabolic Boost  
  23  2:23  Queen x2  
  27  2:31  Drone x2  
  29  2:42  Drone x2  
  31  2:44  Overlord  
  31  2:50  Drone  
  32  3:11  Hatchery  
  29  3:23  Drone x5  
  29  3:24  Drone  
  35  3:28  Queen  
  37  3:36  Extractor  
  36  3:47  Overlord  
  36  3:49  Overlord  
  36  3:50  Overlord  
  36  3:52  Overlord  
  36  3:53  Overlord  
  36  3:54  Drone  
  36  3:55  Drone x2  
  38  3:58  Drone  
  40  4:05  Drone x3  
  43  4:13  Queen  
  45  4:17  Lair  
  45  4:25  Drone x3  
  45  4:26  Drone  
  49  4:31  Extractor  
  49  4:33  Drone x4  
  52  4:49  Zergling x12  
  58  4:56  Spore Crawler, Baneling Nest  
  58  4:58  Spore Crawler  
  55  5:00  Drone x4  
  55  5:03  Queen  
  61  5:17  Drone  
  61  5:18  Drone x5  
  61  5:19  Drone x2  
  69  5:34  Extractor  
  68  5:35  Extractor  
  67  5:44  Infestation Pit  
  67  5:47  Spire  
  67  5:49  Drone x2  
  68  5:50  Drone x4  
  68  5:51  Evolution Chamber  
  68  5:52  Evolution Chamber  
  69  6:07  Baneling x4  
  69  6:09  Centrifical Hooks  
  66  6:31  Drone x4  
  66  6:32  Drone x3  
  73  6:47  Hatchery, Queen x3  
  78  6:56  Overlord x3  
  78  6:57  Overlord x2  
  78  7:10  Drone x3  
  81  7:24  Hive  
  81  7:56  Infestor x2, Hatchery  
  81  7:57  Infestor x3  
  90  7:59  Zergling x2  
  90  8:00  Zergling x18  
  90  8:03  Drone x4  
  104  8:16  Extractor  
  103  8:21  Zerg Melee Weapons Level 1, Zerg Ground Armor Level 1  
  103  8:27  Neural Parasite  
  103  8:36  Greater Spire  
  103  8:38  Zergling x2  
  103  8:39  Zergling x28  
  103  8:40  Zergling x6  
  121  9:15  Infestor  
  121  9:16  Infestor x4  
  129  9:20  Burrow  
  131  9:25  Spore Crawler  
  131  9:31  Overlord x4  
  130  9:32  Overlord x2  
  130  9:43  Spore Crawler  
  129  10:23  Zerg Ground Armor Level 2  
  129  10:24  Zerg Melee Weapons Level 2  
  129  10:36  Overseer  
  129  10:37  Overseer x6  
  129  10:39  Overlord x3  
  129  10:40  Overlord x5  
  129  10:41  Overlord x3  
  129  10:49  Zerg Flyer Armor Level 1  
  129  10:50  Ultralisk Cavern  
  129  10:52  Corruptor, Overlord  
  129  10:54  Corruptor x6  
  129  10:55  Corruptor  
  144  11:23  Extractor  
  144  11:25  Extractor, Adrenal Glands  
  142  11:36  Spire  
  126  12:47  Zergling x2  
  126  12:48  Zergling x26  
  126  12:49  Ultralisk x6  
  126  12:50  Ultralisk  
  182  12:56  Drone x4  
  151  13:19  Corruptor  
  143  13:20  Corruptor x4  
  153  13:40  Brood Lord x2  
  154  13:44  Zergling x2  
  154  13:45  Zergling x32  
  154  13:46  Zergling x6  
  154  13:47  Zergling x4  
  144  14:08  Brood Lord  
  144  14:09  Brood Lord x3  
  118  14:11  Drone  
  118  14:12  Zergling x22  
  118  14:13  Zergling x52  
  89  14:43  Zergling x2  
  89  14:44  Zergling x18  
  82  14:57  Zergling x2  
  82  14:58  Zergling x16  
Show
View Real Time Build Order
Export as new Build Order

Mesrob Terran - Winner!

Build Orders: Mech 

Get SALT Encoding   

  12  0:00  SCV  
  13  0:13  SCV  
  14  0:18  Supply Depot  
  14  0:25  SCV  
  15  0:40  SCV  
  15  0:41  Barracks  
  16  0:49  Refinery  
  16  0:52  SCV  
  17  1:04  SCV  
  18  1:16  SCV  
  19  1:29  Orbital Command  
  19  1:40  Command Center  
  19  1:42  Marine  
  20  1:55  SCV  
  20  1:59  Bunker  
  21  2:07  SCV  
  22  2:19  SCV  
  23  2:22  Factory  
  23  2:30  Supply Depot  
  23  2:35  Barracks Tech Lab  
  23  2:51  Refinery, SCV  
  23  2:53  Supply Depot  
  23  2:55  Orbital Command  
  24  3:03  SCV  
  25  3:19  Siege Tank  
  28  3:34  SCV  
  28  3:35  SCV  
  28  3:40  Refinery  
  30  3:45  Supply Depot  
  30  3:46  SCV  
  31  3:53  Siege Tank  
  34  4:02  Engineering Bay  
  34  4:03  SCV x2  
  36  4:12  Marine  
  36  4:15  SCV  
  38  4:21  Armory  
  38  4:25  Siege Tank  
  38  4:27  SCV  
  38  4:30  Marine  
  43  4:31  Missile Turret  
  43  4:56  Missile Turret  
  43  4:57  Siege Tank  
  46  5:04  Factory  
  46  5:06  Factory  
  46  5:18  Supply Depot  
  46  5:19  Terran Vehicle Weapons Level 1  
  46  5:23  Missile Turret  
  46  5:26  SCV  
  46  5:27  SCV  
  48  5:39  SCV x2  
  48  5:41  Supply Depot  
  50  5:49  Factory Reactor  
  50  5:50  Factory Tech Lab, Missile Turret  
  50  5:51  SCV  
  50  5:56  Thor  
  57  6:05  Supply Depot  
  57  6:14  Missile Turret  
  57  6:17  Refinery  
  57  6:18  SCV  
  58  6:30  Hellbat x2, SCV, Thor  
  69  6:35  Supply Depot  
  69  6:38  Supply Depot, Missile Turret  
  69  6:46  Thor  
  75  6:57  Supply Depot  
  75  7:02  Supply Depot  
  75  7:04  Hellbat x2  
  79  7:11  Missile Turret  
  79  7:33  Missile Turret  
  79  7:36  Command Center  
  79  7:38  Terran Vehicle And Ship Armor Level 1, Supply Depot  
  79  7:46  Armory  
  79  7:47  Thor  
  79  7:48  Hellbat  
  87  7:55  Missile Turret  
  88  7:58  SCV  
  88  8:00  SCV  
  88  8:01  Supply Depot  
  89  8:10  SCV  
  89  8:12  SCV  
  91  8:22  Missile Turret, SCV  
  91  8:25  Supply Depot  
  92  8:33  Thor  
  98  8:35  Thor  
  98  8:39  Command Center  
  98  8:41  SCV  
  105  8:42  Missile Turret  
  105  8:53  SCV  
  106  8:59  Supply Depot  
  106  9:01  Missile Turret  
  106  9:05  Sensor Tower  
  106  9:18  Thor  
  106  9:22  Supply Depot, Missile Turret  
  106  9:23  Refinery  
  106  9:24  Refinery  
  112  9:28  Thor  
  118  9:34  Hellbat  
  118  9:37  Hellbat, Sensor Tower  
  122  9:42  Missile Turret  
  122  9:45  Supply Depot  
  122  9:49  Missile Turret  
  122  9:59  Planetary Fortress, Refinery  
  122  10:08  Supply Depot  
  122  10:09  Supply Depot, Missile Turret  
  122  10:19  SCV  
  123  10:23  SCV  
  124  10:30  Missile Turret  
  124  10:31  SCV  
  124  10:32  Thor  
  131  10:35  SCV  
  131  10:39  Factory  
  132  10:50  SCV x2  
  132  10:51  SCV  
  135  11:02  Sensor Tower, SCV  
  135  11:03  SCV x2  
  138  11:14  SCV  
  138  11:15  SCV x2  
  138  11:17  Thor  
  138  11:18  Thor  
  153  11:23  Factory Tech Lab  
  153  11:26  SCV  
  153  11:32  Factory  
  154  11:41  Hellbat x2  
  154  11:42  Thor  
  164  11:59  Planetary Fortress  
  164  12:00  Thor  
  170  12:05  SCV  
  170  12:06  SCV x2  
  173  12:09  Refinery  
  173  12:16  Factory  
  162  12:54  Thor x3  
  162  12:55  Factory Reactor  
  162  12:56  Hellbat x2  
  184  13:38  Thor x2  
  184  13:39  Hellbat x2  
  190  14:06  Thor  
  190  14:07  Hellbat  
  190  14:08  Hellbat x3  
  168  14:18  SCV  
  168  14:19  SCV x3  
  168  14:20  Thor x2  
  178  14:28  Hellbat  
  178  14:30  Factory Tech Lab, SCV  
  182  14:31  SCV  
  150  14:53  SCV x3  
  150  14:56  SCV  
  154  15:05  SCV x2  
  154  15:06  SCV  
Tags
 
Add a new tag
Caveats
  • Supply blocks, unpowered buildings, or Contaminate may cause inaccurate times.
  • Supply counts are checked every 10 seconds.